SAAA
AUGUSTA TIMBER HAWKS @ BRINKLEY BELUGAS
06/30/2022
 
TOP OF THE 1ST
Augusta Timber Hawks batting - Pitching for Brinkley Belugas : LHP Harvey Richards
Pitching: LHP Harvey Richards
Batting: SHB Jason Alexander 0-0: Called Strike
0-1: Called Strike
0-2: Strikes out looking
Batting: LHB Ray Merrill 0-0: Called Strike
0-1: Foul Ball, location: 2F
0-2: Ball
1-2: Strikes out swinging
Batting: LHB Alberto Torres 0-0: Ball
1-0: Ground out 3-1 (Groundball, 34)
Top of the 1st over - 0 run(s), 0 hit(s), 0 error(s), 0 left on base; Augusta 0 - Brinkley 0
BOTTOM OF THE 1ST
Brinkley Belugas batting - Pitching for Augusta Timber Hawks : RHP Connor Dale
Pitching: RHP Connor Dale
Batting: RHB Steve Jones 0-0: Ball
1-0: Ball
2-0: Ball
3-0: Base on Balls
Batting: RHB Jorge Salazar 0-0: Ball
Steve Jones is caught stealing 2nd base
1-0: Called Strike
1-1: Foul Ball, location: 2F
1-2: SINGLE (Groundball, 6MD)
Batting: RHB Shawn Hicks 0-0: Ball
1-0: Ball
2-0: Fly out, F7 (Line Drive, 7M)
Batting: RHB Bryan Armstrong 0-0: Foul Ball, location: 2F
0-1: Ground out 2-3 (Groundball, 25)
Bottom of the 1st over - 0 run(s), 1 hit(s), 0 error(s), 1 left on base; Augusta 0 - Brinkley 0
TOP OF THE 2ND
Augusta Timber Hawks batting - Pitching for Brinkley Belugas : LHP Harvey Richards
Batting: LHB Emílio Barbán 0-0: Called Strike
0-1: Ball
1-1: Foul Ball, location: 2F
1-2: Fly out, F9 (Flyball, 89S)
Batting: RHB Hiwahikeiki Noelani 0-0: Ball
1-0: Foul Ball, location: 2F
1-1: Ball
2-1: Ball
3-1: Foul Ball, location: 2F
3-2: SINGLE (Flyball, 8LS)
Batting: RHB Oscar Lewis 0-0: Ball
1-0: Ball
2-0: Called Strike
2-1: Foul Ball, location: 2F
2-2: Foul Ball, location: 2F
2-2: Fly out, F8 (Flyball, 8RXD)
Runner from 1st tags up, SAFE at 2nd
Batting: SHB Phil Moore 0-0: Called Strike
0-1: SINGLE (Groundball, 4M)
Hiwahikeiki Noelani to third
Runner from 3rd tries for Home, SAFE, no throw or cutoff
Batting: RHB Claudio Mendoza 0-0: Called Strike
0-1: Foul Ball, location: 2F
0-2: Ball
1-2: SINGLE (Line Drive, 6D)
Phil Moore to second
Batting: LHB Gustavo Vázquez 0-0: Ball
1-0: Called Strike
1-1: Swinging Strike
1-2: Strikes out swinging
Top of the 2nd over - 1 run(s), 3 hit(s), 0 error(s), 2 left on base; Augusta 1 - Brinkley 0
BOTTOM OF THE 2ND
Brinkley Belugas batting - Pitching for Augusta Timber Hawks : RHP Connor Dale
Batting: RHB Kurt Chappell 0-0: Ground out 6-3 (Groundball, 6)
Batting: RHB Jason Weston 0-0: Ground out 6-3 (Groundball, 6)
Batting: RHB Gonzalo Núñez 0-0: Swinging Strike
0-1: Ball
1-1: Ball
2-1: Foul Ball, location: 2F
2-2: SINGLE (Line Drive, 4D)
Batting: RHB Pablo Alyala 0-0: Called Strike
0-1: Ball
1-1: Ball
2-1: Foul Ball, location: 2F
2-2: Foul Ball, location: 2F
2-2: Fly out, F9 (Flyball, 9S)
Bottom of the 2nd over - 0 run(s), 1 hit(s), 0 error(s), 1 left on base; Augusta 1 - Brinkley 0
TOP OF THE 3RD
Augusta Timber Hawks batting - Pitching for Brinkley Belugas : LHP Harvey Richards
Batting: SHB Jason Alexander 0-0: Fly out, F9 (Flyball, 9M)
Batting: LHB Ray Merrill 0-0: Foul Ball, location: 2F
0-1: Swinging Strike
0-2: Fly out, F9 (Flyball, 9LM)
Batting: LHB Alberto Torres 0-0: Ball
1-0: Ball
2-0: SINGLE (Groundball, 3D)
Batting: LHB Emílio Barbán 0-0: Ball
1-0: Ball
2-0: Ball
3-0: Base on Balls
Alberto Torres to second
Batting: RHB Hiwahikeiki Noelani 0-0: Ball
1-0: Called Strike
1-1: Ball
2-1: Ball
3-1: Fly out, F7 (Flyball, 78M)
Top of the 3rd over - 0 run(s), 1 hit(s), 0 error(s), 2 left on base; Augusta 1 - Brinkley 0
BOTTOM OF THE 3RD
Brinkley Belugas batting - Pitching for Augusta Timber Hawks : RHP Connor Dale
Batting: RHB Mark Field 0-0: Called Strike
0-1: Ball
1-1: Fly out, F8 (Flyball, 89S)
Batting: RHB Steve Jones 0-0: Ball
1-0: Ball
2-0: Ground out 6-3 (Groundball, 6M)
Batting: RHB Jorge Salazar 0-0: Called Strike
0-1: Ball
1-1: Called Strike
1-2: Ball
2-2: Foul Ball, location: 2F
2-2: Strikes out swinging
Bottom of the 3rd over - 0 run(s), 0 hit(s), 0 error(s), 0 left on base; Augusta 1 - Brinkley 0
TOP OF THE 4TH
Augusta Timber Hawks batting - Pitching for Brinkley Belugas : LHP Harvey Richards
Batting: RHB Oscar Lewis 0-0: Ball
1-0: Foul Ball, location: 2F
1-1: Ball
2-1: Ball
3-1: Base on Balls
Batting: SHB Phil Moore 0-0: Ball
1-0: Foul Ball, location: 2F
1-1: Ball
2-1: Ball
3-1: Fielders Choice at 2nd, 1-6 (Groundball, 25)
Batting: RHB Claudio Mendoza 0-0: Ball
1-0: Called Strike
1-1: Swinging Strike
1-2: Ball
2-2: Foul Ball, location: 2F
2-2: Ground out 5-3 (Groundball, 5S)
Phil Moore to second
Batting: LHB Gustavo Vázquez 0-0: Called Strike
0-1: Ball
1-1: Foul Ball, location: 2F
1-2: Strikes out swinging
Top of the 4th over - 0 run(s), 0 hit(s), 0 error(s), 1 left on base; Augusta 1 - Brinkley 0
BOTTOM OF THE 4TH
Brinkley Belugas batting - Pitching for Augusta Timber Hawks : RHP Connor Dale
Batting: RHB Shawn Hicks 0-0: Ground out 6-3 (Groundball, 6)
Batting: RHB Bryan Armstrong 0-0: Ball
1-0: Ball
2-0: Ground out 6-3 (Groundball, 6)
Batting: RHB Kurt Chappell 0-0: Foul Ball, location: 2F
0-1: Ball
1-1: Foul Ball, location: 2F
1-2: Ball
2-2: Fly out, F8 (Flyball, 8LM)
Bottom of the 4th over - 0 run(s), 0 hit(s), 0 error(s), 0 left on base; Augusta 1 - Brinkley 0
TOP OF THE 5TH
Augusta Timber Hawks batting - Pitching for Brinkley Belugas : LHP Harvey Richards
Pitching: RHP Gary Jones
Batting: SHB Jason Alexander 0-0: Ground out 1-3 (Groundball, 13S)
Batting: LHB Ray Merrill 0-0: Swinging Strike
0-1: Ball
1-1: Called Strike
1-2: Ball
2-2: Foul Ball, location: 2F
2-2: Ball
3-2: DOUBLE (Line Drive, 9LD)
Batting: LHB Alberto Torres 0-0: Ball
1-0: Ball
2-0: Ball
3-0: Base on Balls
Batting: LHB Emílio Barbán 0-0: Ball
1-0: Foul Ball, location: 2F
1-1: Fly out, F9 (Flyball, 89XD)
Runner from 2nd tags up, SAFE at 3rd, no throw
Batting: RHB Hiwahikeiki Noelani 0-0: Swinging Strike
0-1: Ball
1-1: Ground out U3 (Groundball, 3S)
Top of the 5th over - 0 run(s), 1 hit(s), 0 error(s), 2 left on base; Augusta 1 - Brinkley 0
BOTTOM OF THE 5TH
Brinkley Belugas batting - Pitching for Augusta Timber Hawks : RHP Connor Dale
Batting: RHB Jason Weston 0-0: Ball
1-0: Foul Ball, location: 2F
1-1: Ball
2-1: Ball
3-1: Foul Ball, location: 2F
3-2: DOUBLE (Line Drive, 9M) - OUT at third base trying to stretch hit.
Batting: RHB Gonzalo Núñez 0-0: Ball
1-0: Foul Ball, location: 2F
1-1: Ball
2-1: Foul Ball, location: 2F
2-2: Ball
3-2: Base on Balls
Batting: RHB Pablo Alyala 0-0: Foul Ball, location: 2F
0-1: Fielders Choice at 2nd, 1-6 (Groundball, 25)
Batting: RHB Mark Field 0-0: SINGLE (Flyball, 9S)
Pablo Alyala to second
Runner from 2nd tries for 3rd, SAFE, no throw or cutoff
Batting: RHB Steve Jones 0-0: Ball
1-0: Foul Ball, location: 2F
1-1: Ball
2-1: Ball
3-1: Foul Ball, location: 2F
3-2: Foul Ball, location: 2F
3-2: Base on Balls
Mark Field to second
Batting: RHB Jorge Salazar 0-0: Called Strike
0-1: Foul Ball, location: 2F
0-2: Ball
Wild Pitch!
Pablo Alyala scores
Mark Field to third
Steve Jones to second
1-2: Ball
2-2: Foul Ball, location: 2F
2-2: Ground out 4-3 (Groundball, 4)
Bottom of the 5th over - 1 run(s), 2 hit(s), 0 error(s), 2 left on base; Augusta 1 - Brinkley 1
TOP OF THE 6TH
Augusta Timber Hawks batting - Pitching for Brinkley Belugas : RHP Gary Jones
Batting: RHB Oscar Lewis 0-0: Called Strike
0-1: Foul Ball, location: 2F
0-2: Strikes out swinging
Batting: SHB Phil Moore 0-0: Called Strike
0-1: Ground out 5-3 (Groundball, 56)
Batting: RHB Claudio Mendoza 0-0: Ball
1-0: Foul Ball, location: 2F
1-1: Ball
2-1: Ball
3-1: Ground out 4-3 (Groundball, 4)
Top of the 6th over - 0 run(s), 0 hit(s), 0 error(s), 0 left on base; Augusta 1 - Brinkley 1
BOTTOM OF THE 6TH
Brinkley Belugas batting - Pitching for Augusta Timber Hawks : RHP Connor Dale
Batting: RHB Shawn Hicks 0-0: Foul Ball, location: 2F
0-1: DOUBLE (Line Drive, 7LS)
Batting: RHB Bryan Armstrong 0-0: Ball
1-0: Called Strike
1-1: Foul Ball, location: 2F
1-2: Ball
2-2: Ball
3-2: Foul Ball, location: 2F
3-2: Ground out 4-3 (Groundball, 4M)
Shawn Hicks to third
Batting: RHB Kurt Chappell 0-0: SINGLE (Groundball, 34D)
Shawn Hicks scores
Batting: RHB Jason Weston 0-0: Called Strike
0-1: Ball
1-1: Ground out 5-3 (Groundball, 56S)
Kurt Chappell to second
Batting: RHB Gonzalo Núñez 0-0: Called Strike
0-1: Ball
1-1: Ball
2-1: Foul Ball, location: 2F
2-2: Ground out 4-3 (Groundball, 4)
Bottom of the 6th over - 1 run(s), 2 hit(s), 0 error(s), 1 left on base; Augusta 1 - Brinkley 2
TOP OF THE 7TH
Augusta Timber Hawks batting - Pitching for Brinkley Belugas : RHP Gary Jones
Batting: LHB Gustavo Vázquez 0-0: SINGLE (Line Drive, 4M)
Batting: SHB Jason Alexander 0-0: Ball
1-0: Bunt missed!
1-1: Sac Bunt - play at first, batter OUT! 1-4
Gustavo Vázquez to second
Batting: LHB Ray Merrill 0-0: Ground out 4-3 (Groundball, 4)
Gustavo Vázquez to third
Batting: LHB Alberto Torres 0-0: Ball
1-0: Foul Ball, location: 2F
1-1: Ball
2-1: Ball
3-1: Base on Balls
Batting: LHB Emílio Barbán 0-0: Foul Ball, location: 2F
0-1: Ball
1-1: Ball
2-1: Swinging Strike
2-2: Foul Ball, location: 2F
2-2: Fly out, F7 (Flyball, 78M)
Top of the 7th over - 0 run(s), 1 hit(s), 0 error(s), 2 left on base; Augusta 1 - Brinkley 2
BOTTOM OF THE 7TH
Brinkley Belugas batting - Pitching for Augusta Timber Hawks : RHP Connor Dale
Batting: RHB Pablo Alyala 0-0: Ball
1-0: Ball
2-0: Fly out, F7 (Flyball, 7S)
Batting: RHB Mark Field 0-0: SINGLE (Line Drive, 78S)
Pinch Hitting: LHB Arturo Hernández 0-0: Called Strike
0-1: Ball
1-1: Ball
2-1: Ball
3-1: Foul Ball, location: 2F
3-2: Ground out 4-3 (Groundball, 4MS)
Mark Field to second
Pitching: RHP Paul Moore
Batting: RHB Jorge Salazar 0-0: Ball
1-0: SINGLE (Groundball, 5D)
Mark Field to third
Runner from 3rd tries for Home, SAFE, no throw or cutoff
Batting: RHB Shawn Hicks 0-0: Ground out 5-3 (Groundball, 5S)
Bottom of the 7th over - 1 run(s), 2 hit(s), 0 error(s), 1 left on base; Augusta 1 - Brinkley 3
TOP OF THE 8TH
Augusta Timber Hawks batting - Pitching for Brinkley Belugas : RHP Gary Jones
Now in CF: Arturo Hernández
Batting: RHB Hiwahikeiki Noelani 0-0: Ball
1-0: Ball
2-0: Called Strike
2-1: TRIPLE (Flyball, 9LS)
Batting: RHB Oscar Lewis 0-0: Ground out 5-3 (Groundball, 5)
Batting: SHB Phil Moore 0-0: Ball
1-0: SINGLE (Flyball, 6D)
Hiwahikeiki Noelani scores
Pitching: RHP Paul Clark
Batting: RHB Claudio Mendoza 0-0: Ball
1-0: Sac Bunt - play at first, batter OUT! 1-4
Phil Moore to second
Batting: LHB Gustavo Vázquez 0-0: Ball
1-0: Foul Ball, location: 2F
1-1: Called Strike
1-2: Ball
2-2: Ball
3-2: Fly out, F9 (Flyball, 9S)
Top of the 8th over - 1 run(s), 2 hit(s), 0 error(s), 1 left on base; Augusta 2 - Brinkley 3
BOTTOM OF THE 8TH
Brinkley Belugas batting - Pitching for Augusta Timber Hawks : RHP Paul Moore
Batting: RHB Bryan Armstrong 0-0: Foul Ball, location: 2F
0-1: Foul Ball, location: 2F
0-2: Ball
1-2: Strikes out swinging
Batting: RHB Kurt Chappell 0-0: Ball
1-0: Called Strike
1-1: Ball
2-1: Ball
3-1: Foul Ball, location: 2F
3-2: Base on Balls
Batting: RHB Jason Weston 0-0: Ball
Balk!
Kurt Chappell to second
1-0: Ground out 5-3 (Groundball, 56)
Batting: RHB Gonzalo Núñez 0-0: DOUBLE (Groundball, 5L)
Kurt Chappell scores
Batting: RHB Pablo Alyala 0-0: Foul Ball, location: 2F
0-1: Ball
Wild Pitch!
Gonzalo Núñez to third
1-1: Fly out, F7 (Flyball, 7D)
Bottom of the 8th over - 1 run(s), 1 hit(s), 0 error(s), 1 left on base; Augusta 2 - Brinkley 4
TOP OF THE 9TH
Augusta Timber Hawks batting - Pitching for Brinkley Belugas : RHP Paul Clark
Pitching: RHP César Rivera
Batting: SHB Jason Alexander 0-0: Ball
1-0: Ground out U3 (Groundball, 3S)
Batting: LHB Ray Merrill 0-0: SINGLE (Groundball, 56D)
Batting: LHB Alberto Torres 0-0: Ball
1-0: Foul Ball, location: 2F
1-1: Ball
2-1: Called Strike
2-2: Fly out, F7 (Flyball, 78D)
Batting: LHB Emílio Barbán 0-0: Ball
1-0: Called Strike
1-1: Fielders Choice at 2nd, U4 (Groundball, 4M)
Top of the 9th over - 0 run(s), 1 hit(s), 0 error(s), 1 left on base; Augusta 2 - Brinkley 4
This league is powered by Out of the Park Baseball, the baseball management simulation game for PC, Mac and Linux
Friday, April 15th, 2016 - OOTP Baseball 16.9 Build 39